Map: King of Braxis Station

Players

MrFercho

  • Race: Zerg Zerg
  • Spawn Location: 3:00

tigro

  • Race: Terran Terran
  • Spawn Location: 6:00

TATORREA

  • Race: Protoss Protoss
  • Spawn Location: 1:00

IA (Élite)

  • Race: Protoss Protoss
  • Spawn Location: 11:00

IA (Élite)

  • Race: Protoss Protoss
  • Spawn Location: 12:00

IA (Élite)

  • Race: Zerg Zerg
  • Spawn Location: 5:00

IA (Élite)

  • Race: Zerg Zerg
  • Spawn Location: 9:00

IA (Élite)

  • Race: Terran Terran
  • Spawn Location: 7:00

VOD

Have the link to the VOD?

Description

Time

  • Played on: April 12, 2020, 9:17 p.m.
  • Length: 5:21
Show
View Real Time Build Order
Export as new Build Order

MrFercho Zerg 

Build Orders: Pool First 

Get SALT Encoding   

  12  0:04  Drone  
  13  0:15  Overlord  
  13  0:18  Drone  
  14  0:23  Extractor  
  14  0:26  Drone  
  14  0:48  Drone  
  14  0:49  Drone x2  
  17  1:04  Spawning Pool  
  17  1:05  Drone  
  17  1:13  Drone  
  18  1:27  Hatchery  
  17  1:35  Drone  
  17  1:36  Drone  
  19  1:51  Extractor, Drone  
  19  2:14  Drone x2  
  21  2:26  Drone  
  22  2:38  Drone  
  22  2:39  Drone  
  22  2:41  Overlord  
  24  2:46  Metabolic Boost  
  24  3:03  Hatchery  
  23  3:10  Zergling x6  
  23  3:11  Zergling x4  
  28  3:13  Hatchery  
  27  3:28  Zergling x2  
  28  3:44  Drone  
  28  3:45  Drone x4  
  33  3:57  Evolution Chamber  
  33  4:02  Evolution Chamber  
  31  4:19  Roach Warren  
  31  4:20  Lair  
Show
View Real Time Build Order
Export as new Build Order

tigro Terran 

Build Orders:  

Get SALT Encoding   

  12  0:04  SCV  
  13  0:21  SCV  
  14  0:22  Supply Depot  
  14  0:27  Refinery  
  14  0:33  SCV  
  15  0:49  Refinery  
  15  1:03  Barracks, SCV  
  16  1:15  SCV  
  17  1:19  Supply Depot  
  17  1:27  SCV  
  18  1:39  SCV  
  19  1:52  Marine  
  20  2:04  Barracks  
  20  2:10  Marine  
  21  2:19  Orbital Command  
  21  2:28  Marine  
  22  2:46  Marine  
  22  2:47  SCV  
  24  2:54  Barracks Tech Lab  
  24  3:01  Engineering Bay  
  24  3:04  Marine  
  25  3:14  SCV  
  26  3:21  Marine  
  26  3:23  Combat Shield  
  27  3:27  Marauder  
  29  3:39  Marine  
  30  3:48  Marauder  
  30  3:53  Factory  
  32  3:57  Marine  
  35  4:10  Marauder  
  35  4:16  Barracks Tech Lab  
  30  4:31  Marine  
  24  4:35  Marine  
  20  4:41  Hellion  
  15  4:48  Marine  
Show
View Real Time Build Order
Export as new Build Order

TATORREA Protoss 

Build Orders:  

Get SALT Encoding   

  12  0:11  Probe (Chrono Boost)  
  13  0:23  Probe (Chrono Boost)  
  14  0:30  Probe (Chrono Boost)  
  15  0:42  Assimilator  
  15  0:48  Assimilator  
  15  0:54  Pylon  
  15  1:04  Pylon  
  15  1:12  Probe  
  16  1:23  Pylon  
  16  1:24  Probe  
  17  1:28  Pylon  
  17  1:36  Probe (Chrono Boost)  
  18  1:43  Forge  
  18  1:46  Gateway  
  18  1:49  Probe (Chrono Boost)  
  19  1:57  Probe (Chrono Boost)  
  20  2:03  Probe (Chrono Boost)  
  21  2:15  Probe (Chrono Boost)  
  22  2:33  Photon Cannon  
  22  2:39  Photon Cannon  
  22  2:41  Photon Cannon  
  22  2:45  Photon Cannon  
  22  2:47  Photon Cannon  
  22  2:52  Photon Cannon  
  22  2:57  Photon Cannon  
  22  3:13  Zealot  
  24  3:40  Zealot  
  26  3:42  Cybernetics Core  
  26  3:49  Pylon  
  26  4:02  Pylon  
  26  4:05  Pylon  
  26  4:08  Zealot  
  28  4:19  Photon Cannon  
  28  4:33  Stargate  
  28  4:35  Zealot  
  30  4:55  Robotics Facility  
  30  5:04  Stargate  
  32  5:11  Shield Battery  
Show
View Real Time Build Order
Export as new Build Order

IA (Élite) Protoss 

Build Orders:  

Get SALT Encoding   

  12  0:01  Probe  
  13  0:13  Probe  
  14  0:19  Pylon  
  14  0:25  Probe  
  15  0:33  Probe  
  15  0:42  Probe  
  16  0:47  Assimilator  
  16  0:49  Gateway  
  17  0:51  Probe  
  18  1:00  Pylon, Probe  
  19  1:08  Probe  
  19  1:18  Probe  
  21  1:38  Gateway, Probe, Zealot  
  24  1:40  Cybernetics Core  
  24  1:50  Pylon, Probe  
  25  1:57  Zealot  
  25  2:02  Probe  
  28  2:14  Probe  
  29  2:19  Warp Gate  
  29  2:22  Adept  
  29  2:25  Adept  
  33  2:31  Gateway  
  33  2:39  Gateway  
  33  2:50  Adept  
  33  2:52  Adept  
  33  2:56  Probe  
  38  2:58  Pylon  
  38  3:15  Adept  
  38  3:18  Adept  
  40  3:22  Adept  
  40  3:26  Adept  
  46  3:27  Pylon  
  46  3:38  Robotics Facility  
  46  4:01  Twilight Council  
  46  4:10  Pylon  
  46  4:23  Assimilator  
  46  4:37  Zealot  
  48  4:46  Probe  
  49  4:58  Probe  
  50  5:03  Templar Archives  
  50  5:05  Forge  
  50  5:13  Forge  
Show
View Real Time Build Order
Export as new Build Order

IA (Élite) Protoss 

Build Orders:  

Get SALT Encoding   

  12  0:01  Probe  
  13  0:13  Probe  
  14  0:20  Pylon  
  14  0:25  Probe  
  15  0:34  Probe  
  15  0:42  Probe  
  16  0:49  Gateway  
  17  0:52  Probe  
  18  1:00  Probe  
  18  1:08  Probe  
  19  1:14  Pylon  
  20  1:18  Probe  
  20  1:22  Assimilator  
  21  1:32  Probe  
  22  1:37  Zealot  
  24  1:41  Cybernetics Core  
  24  1:48  Probe  
  25  1:58  Probe  
  26  2:04  Zealot  
  26  2:05  Pylon  
  26  2:06  Probe  
  28  2:14  Probe  
  29  2:17  Gateway  
  29  2:20  Warp Gate, Assimilator  
  30  2:26  Probe  
  31  2:31  Stalker  
  33  2:38  Probe  
  33  2:39  Pylon  
  34  2:50  Probe  
  35  2:56  Adept  
  35  3:01  Adept  
  35  3:03  Probe  
  40  3:06  Robotics Facility  
  40  3:15  Probe  
  41  3:23  Adept  
  44  3:27  Probe  
  44  3:31  Adept  
  46  3:39  Probe  
  47  3:44  Pylon  
  47  4:02  Probe  
  48  4:04  Gateway  
  48  4:08  Adept  
  50  4:14  Probe  
  50  4:16  Robotics Bay  
  51  4:26  Probe  
  51  4:29  Robotics Facility  
  53  4:38  Probe  
  53  4:45  Pylon  
  53  4:50  Probe  
  54  4:57  Gateway  
  54  5:02  Probe  
  54  5:03  Adept  
  58  5:09  Stalker  
  58  5:12  Pylon  
Show
View Real Time Build Order
Export as new Build Order

IA (Élite) Zerg 

Build Orders: 1 Base Baneling Bust, Pool Only 

Get SALT Encoding   

  12  0:01  Drone  
  13  0:12  Overlord  
  13  0:18  Drone  
  14  0:30  Drone x2  
  14  0:34  Drone  
  17  0:48  Spawning Pool  
  16  0:50  Drone  
  16  0:55  Drone  
  18  1:01  Extractor  
  17  1:06  Drone  
  18  1:17  Drone  
  19  1:27  Overlord  
  19  1:38  Zergling x2, Queen  
  22  1:49  Drone  
  22  1:51  Extractor  
  22  2:00  Drone  
  23  2:10  Drone  
  23  2:13  Queen  
  26  2:15  Roach Warren  
  26  2:21  Drone  
  26  2:32  Drone  
  27  2:42  Drone  
  28  2:44  Drone  
  28  2:45  Overlord, Drone  
  30  3:03  Zergling x2  
  30  3:05  Zergling x2  
  32  3:16  Drone  
  32  3:17  Lair, Drone, Roach  
  36  3:27  Overlord  
  36  3:37  Overlord  
  36  3:45  Zergling x2, Roach x2  
  41  3:49  Zergling x2  
  42  4:00  Zergling x2  
  43  4:11  Drone  
  43  4:13  Roach  
  43  4:14  Drone, Roach  
  49  4:22  Overlord  
  49  4:29  Hydralisk Den  
  48  4:33  Drone  
  49  4:42  Overlord, Drone x2  
  49  4:44  Roach  
  53  4:55  Overlord  
  53  5:04  Baneling Nest  
  58  5:18  Evolution Chamber  
Show
View Real Time Build Order
Export as new Build Order

IA (Élite) Zerg 

Build Orders: 1 Base Baneling Bust, Pool Only 

Get SALT Encoding   

  12  0:01  Drone  
  13  0:11  Overlord  
  13  0:16  Drone  
  14  0:29  Drone x2  
  14  0:33  Drone  
  17  0:43  Spawning Pool  
  17  0:45  Drone  
  17  0:54  Drone  
  17  0:56  Extractor  
  17  1:05  Drone  
  18  1:16  Drone  
  19  1:27  Overlord  
  19  1:31  Queen  
  21  1:37  Zergling x2  
  22  1:48  Drone  
  22  1:49  Extractor  
  22  1:59  Drone  
  23  2:01  Roach Warren  
  23  2:07  Queen  
  24  2:09  Drone  
  25  2:20  Drone  
  26  2:31  Drone  
  27  2:38  Overlord, Drone x2  
  27  2:42  Drone  
  30  2:53  Overlord  
  30  3:04  Zergling x2  
  31  3:09  Zergling x2, Drone x2  
  34  3:15  Roach  
  36  3:26  Roach  
  38  3:37  Roach  
  38  3:38  Overlord, Roach x2  
  44  3:48  Overlord  
  44  3:59  Roach  
  45  4:06  Drone  
  45  4:07  Zergling x2, Drone  
  48  4:11  Drone  
  49  4:21  Drone  
  50  4:32  Drone  
  50  4:35  Drone, Roach x2  
  56  4:43  Overlord  
  56  4:44  Baneling Nest  
  55  4:54  Drone  
  55  4:59  Evolution Chamber  
  55  5:04  Ravager, Drone  
Show
View Real Time Build Order
Export as new Build Order

IA (Élite) Terran 

Build Orders:  

Get SALT Encoding   

  12  0:01  SCV  
  13  0:13  SCV  
  14  0:20  Supply Depot  
  14  0:25  SCV  
  15  0:42  SCV  
  16  0:44  Barracks  
  16  0:46  Refinery  
  16  0:54  SCV  
  17  1:04  Barracks  
  17  1:06  SCV  
  18  1:18  SCV  
  19  1:32  Marine, Orbital Command  
  20  1:44  Barracks  
  20  1:50  Marine x2  
  22  2:00  Supply Depot  
  22  2:03  SCV  
  23  2:09  Barracks Tech Lab  
  23  2:10  Barracks Tech Lab  
  23  2:22  SCV  
  24  2:27  Marine  
  24  2:28  Marine  
  22  2:30  Stimpack  
  26  2:31  Marine, Concussive Shells  
  27  2:40  Supply Depot  
  27  2:45  Marine  
  27  2:46  Marine  
  27  2:49  Marine, SCV  
  31  3:03  Marauder  
  31  3:04  Marauder  
  35  3:07  Marine  
  35  3:10  Supply Depot  
  36  3:22  Combat Shield  
  36  3:24  Marine  
  36  3:25  Marine, SCV  
  39  3:29  Marine  
  39  3:36  Supply Depot  
  39  3:38  SCV  
  40  3:48  Refinery  
  40  3:57  SCV  
  41  4:04  Factory  
  41  4:09  SCV  
  42  4:21  SCV  
  42  4:31  Supply Depot  
  42  4:33  SCV  
  43  4:40  Marauder  
  43  4:41  Marauder  
  47  4:46  SCV  
  47  4:51  Starport  
  48  4:54  Hellion  
  54  5:08  Ghost Academy  
  54  5:12  Supply Depot  
Tags
 
Add a new tag
Caveats
  • Supply blocks, unpowered buildings, or Contaminate may cause inaccurate times.
  • Supply counts are checked every 10 seconds.